 Dungeon Crawl Stone Soup version 0.23.1-37-gaa34b87b72 (webtiles) character file.

Game seed: 14081660055671341539

27780 PikkenKukken the Fighter (level 13, -2/112 HPs)
             Began as a Merfolk Skald on Mar 20, 2019.
             Was a High Priest of Kikubaaqudgha.
             Slain by a catoblepas (17 damage)
             ... on level 3 of the Lair of Beasts on Mar 21, 2019.
             The game lasted 00:54:03 (17996 turns).

PikkenKukken the Fighter (Merfolk Skald)           Turns: 17996, Time: 00:54:03

Health: -2/112     AC: 17    Str:  7    XL:     13   Next: 34%
Magic:  20/20      EV: 17    Int: 18    God:    Kikubaaqudgha [*****.]
Gold:   817        SH:  7    Dex: 15    Spells: 3/22 levels left

rFire    . . .     SeeInvis +   e - +3 spear (venom)
rCold    + . .     Gourm    .   S - +2 buckler
rNeg     + + +     Faith    .   F - +2 robe {Archmagi}
rPois    +         Spirit   .   o - +1 helmet {SInv}
rElec    .         Reflect  .   H - +0 cloak "Opeuffu" {rPois rN+++ Str-5}
rCorr    .         Harm     .   (no gloves)
MR       .....                  O - +3 pair of boots of Weightlessness {rPois rC+ MR- Int+3}
Stlth    +.........             (no amulet)
HPRegen  0.28/turn              c - ring of poison resistance
MPRegen  0.17/turn              A - +6 ring of protection

@: no status effects
A: change form in water, swift swim, stealthy swim
a: Receive Corpses, Torment, Renounce Religion


You were on level 3 of the Lair of Beasts.
You worshipped Kikubaaqudgha.
Kikubaaqudgha was extremely pleased with you.
You were hungry.

You visited 3 branches of the dungeon, and saw 16 of its levels.

You collected 817 gold pieces.

Inventory:

Hand Weapons
 e - a +3 spear of venom (weapon)
 M - a +0 trident of venom
Missiles
 z - 2 throwing nets (quivered)
Armour
 b - a +1 leather armour
 o - a +1 helmet of see invisible (worn)
 C - a +2 leather armour of fire resistance
 F - a +2 robe of the Archmagi (worn)
 H - the +0 cloak "Opeuffu" (worn) {rPois rN+++ Str-5}
   (You acquired it on level 8 of the Dungeon)

   It affects your strength (-5).
   It protects you from poison.
   It renders you almost immune to negative energy.
 O - the +3 pair of boots of Weightlessness (worn) {rPois rC+ MR- Int+3}
   (You found it on level 10 of the Dungeon)

   It affects your intelligence (+3).
   It protects you from cold.
   It protects you from poison.
   It affects your resistance to hostile enchantments.
 S - a +2 buckler (worn)
Jewellery
 c - a ring of poison resistance (left hand)
 i - an uncursed ring of protection from magic
 l - an uncursed ring of stealth
 n - an uncursed ring of positive energy
 t - a +2 ring of intelligence
 A - a +6 ring of protection (right hand)
 K - an uncursed ring of see invisible
 T - an uncursed ring of positive energy
Wands
 r - a wand of random effects (19)
 v - a wand of flame (11)
 R - a wand of iceblast (4)
 U - a wand of paralysis (3)
 V - a wand of polymorph (9)
 W - a wand of disintegration (18)
Scrolls
 f - 2 scrolls of magic mapping
 g - 2 scrolls of identify
 h - 3 scrolls of enchant armour
 m - 6 scrolls of remove curse
 q - 2 scrolls of blinking
 u - 5 scrolls of amnesia
 y - 6 scrolls of teleportation
 D - a scroll of enchant weapon
 G - a scroll of immolation
 L - a scroll of silence {unknown}
Potions
 a - a potion of invisibility
 j - a potion of mutation
 k - 2 potions of might
 p - 2 potions of agility
 s - 2 potions of brilliance
 w - 3 potions of flight
 x - 2 potions of lignification
 B - 2 potions of resistance
 E - 2 potions of ambrosia
 I - 2 potions of curing
 J - a potion of cancellation {unknown}
 N - 2 potions of heal wounds
 Q - 3 potions of degeneration {unknown}
Comestibles
 d - 40 rations


   Skills:
 + Level 13.7 Fighting
 - Level 12.1 Polearms
 - Level 4.0 Armour
 - Level 8.0 Dodging
 - Level 4.0 Shields
 - Level 5.0 Spellcasting
 - Level 3.2 Charms
 + Level 8.8 Necromancy
 - Level 6.0 Earth Magic


You had 3 spell levels left.
You knew the following spells:

 Your Spells              Type           Power        Failure   Level  Hunger
a - Infusion              Chrm           ###.         3%          1    None
b - Regeneration          Chrm/Necr      #####.....   3%          3    ##.....
c - Animate Skeleton      Necr           N/A          1%          1    None
d - Animate Dead          Necr           N/A          3%          4    ####...
e - Agony                 Necr           ######..     10%         5    ######.
f - Borgnjor's Vile Clut  Necr/Erth      #####.....   17%         5    ######.

Your spell library contained the following spells:

 Spells                   Type           Power        Failure   Level  Hunger
 Pain                     Necr           ####         1%          1    None
 Sublimation of Blood     Necr           ######....   1%          2    #......
 Song of Slaying          Chrm           ###.....     5%          2    #......
 Shroud of Golubria       Chrm/Tloc      ###.......   11%         2    #......
 Apportation              Tloc           #.....       13%         1    None
 Confusing Touch          Hex            #.....       13%         1    None
 Magic Dart               Conj           #...         13%         1    None
 Summon Small Mammal      Summ           #...         13%         1    None
 Blink                    Tloc           N/A          21%         2    #......
 Call Imp                 Summ           #.......     21%         2    #......
 Slow                     Hex            #.......     21%         2    #......
 Spectral Weapon          Hex/Chrm       ###.....     21%         3    ##.....
 Conjure Flame            Conj/Fire      #.......     36%         3    ##.....
 Mephitic Cloud           Conj/Pois/Air  #.......     36%         3    ##.....
 Dispel Undead            Necr           ######..     10%         5    ######.
 Simulacrum               Ice/Necr       ####......   97%         6    #######


Dungeon Overview and Level Annotations

Branches:
Dungeon (11/15)            Temple (1/1) D:5            Lair (4/6) D:11
 Shoals (0/4) Lair:2        Snake (0/4) Lair:2          Orc (0/2) D:10

Altars:
Ashenzari
Cheibriados
Dithmenos
Elyvilon
Fedhas
Gozag
Hepliaklqana
Kikubaaqudgha
Makhleb
Nemelex Xobeh
Okawaru
Qazlal
Ru
Sif Muna
Uskayaw
Vehumet
Wu Jian
Xom
Yredelemnul
Zin
The Shining One

Portals:
Trove: D:10 (give 15 scrolls of teleportation)

Annotations:
D:4 2 transporters, acidapple's ghost, weakling DgWn
D:9 3 runed translucent doors, drd's ghost, novice DsBe


Message History

The catoblepas looks as sick as possible!
The catoblepas is lightly wounded.
You hit the catoblepas but do no damage.
The catoblepas looks as sick as possible!
The catoblepas is lightly wounded.
The catoblepas gores you!!
You hit the catoblepas but do no damage.
The catoblepas is lightly wounded.
Things that are here:
a +0 war axe; a +0 leather armour
There is a stone staircase leading up, spattered with blood here.
The catoblepas gores you!
* * * LOW HITPOINT WARNING * * *
You climb upwards.
There is a stone staircase leading down here.
The catoblepas gores you!
* * * LOW HITPOINT WARNING * * *
The catoblepas gores you!
You die...
Kikubaaqudgha rasps: "You have failed me!
Welcome... death!"

##.###..............# ###.#
.##.##.............P# #.#
)ZZZZ..............## #.#
.####ZZ.............## #.##
.# #.#.....####P#....# #..#
.# ##......######..### ##..#
## #......#..###...#####P..#
# #......#..(.............# #
#...........@Y.>........# #
#.......#####...#......##
##.......# #####.......# ##
###...)..## #.......#
.###.#.....## #.......#
.Z.........#### #......##
...........##.#######......#
#Z#..........##..#.##......#
.####......................##


You could see a catoblepas.

Vanquished Creatures
  A catoblepas (Lair:4)
  A hydra (D:10)
  A two-headed ogre (D:10)
  5 death yaks
  Sonja (Lair:3)
  Nergalle (Lair:4)
  An unseen horror (D:10)
  2 cyclopes
  An oklob plant (D:11)
  A manticore (D:11)
  3 black mambas
  Psyche (D:9)
  5 spiny frogs
  A gargoyle (D:10)
  A spiny frog (shapeshifter) (D:10)
  A meliai (Lair:4)
  A queen bee (Lair:4)
  6 trolls
  A hornet (Lair:3)
  A dream sheep (Lair:2)
  7 blink frogs
  3 hippogriffs
  2 wyverns
  18 yaks
  A vampire (D:11)
  A human (D:6)
  3 hogs (D:7)
  A basilisk (Lair:4)
  A naga (Lair:2)
  3 water moccasins
  2 porcupines
  2 sky beasts
  2 ice beasts
  An orc warrior (D:5)
  A phantom (D:10)
  A black bear (D:8)
  6 ogres
  19 wolves
  A centaur (D:5)
  4 crocodiles
  A necrophage (D:9)
  A big kobold (D:8)
  7 bullfrogs
  31 killer bees
  A scorpion (D:4)
  7 wights
  A howler monkey (D:9)
  2 crimson imps
  A centaur zombie (D:7)
  2 quasits
  A hound (D:6)
  4 jellies
  12 orc wizards
  3 orc priests
  A centaur skeleton (D:5)
  A bullfrog skeleton (D:5)
  5 iguanas
  6 worker ants
  A hound zombie (D:7)
  2 worker ant zombies (D:6)
  Robin (D:2)
  10 adders
  10 gnolls
  4 oozes
  3 worms
  5 dart slugs
  12 leopard geckos
  30 orcs
  3 ball pythons
  4 giant cockroaches
  14 hobgoblins
  11 jackals
  17 kobolds
  6 quokkas
  10 bats
  5 frilled lizards (D:2)
  19 goblins
  A jackal skeleton (D:5)
  A leopard gecko zombie (D:9)
  3 rats
  A plant (D:11)
375 creatures vanquished.

Vanquished Creatures (collateral kills)
  2 black mambas
  An elephant (Lair:4)
  2 meliai (Lair:4)
  A hornet (D:9)
  5 blink frogs
  A spriggan (Lair:3)
  4 yaks
  7 wolves
  2 black bears (D:9)
  2 ogres
  A centaur (Lair:2)
  A crocodile (Lair:4)
  A bullfrog (D:10)
  5 killer bees (Lair:4)
  A wight (D:10)
  A howler monkey (D:9)
  A jelly (D:9)
  2 gnolls (D:5)
  An adder (D:5)
  An adder skeleton (D:9)
  2 orcs
  A quokka skeleton (D:5)
  5 fungi
50 creatures vanquished.

Vanquished Creatures (others)
  4 dream sheep (Lair:2)
4 creatures vanquished.

Grand Total: 429 creatures vanquished

Notes
Turn   | Place    | Note
-------+----------+-------------------------------------------
     0 | D:1      | PikkenKukken the Merfolk Skald began the quest for the Orb.
     0 | D:1      | Reached XP level 1. HP: 16/16 MP: 3/3
    40 | D:1      | Reached XP level 2. HP: 11/23 MP: 5/5
   246 | D:1      | Reached skill level 1 in Armour
   516 | D:1      | Reached XP level 3. HP: 28/28 MP: 6/6
  1170 | D:2      | Learned a level 3 spell: Regeneration
  1235 | D:2      | Noticed Robin
  1247 | D:2      | Reached XP level 4. HP: 34/34 MP: 0/7
  1314 | D:2      | Reached skill level 3 in Fighting
  1463 | D:2      | Killed Robin
  1914 | D:2      | Reached XP level 5. HP: 32/41 MP: 3/8
  3659 | D:3      | Reached skill level 5 in Polearms
  3718 | D:3      | Reached XP level 6. HP: 26/48 MP: 9/9
  4188 | D:3      | Learned a level 1 spell: Animate Skeleton
  4513 | D:4      | Reached skill level 4 in Fighting
  4781 | D:4      | Reached skill level 5 in Dodging
  5502 | D:3      | Reached XP level 7. HP: 35/55 MP: 10/10
  5783 | D:4      | Found a shadowy altar of Dithmenos.
  5888 | D:4      | Found a transporter.
  5888 | D:4      | Found a transporter.
  5889 | D:4      | Noticed acidapple's ghost (weakling DgWn)
  6240 | D:5      | Entered Level 5 of the Dungeon
  6373 | D:5      | Reached skill level 5 in Fighting
  6416 | D:5      | Found a staircase to the Ecumenical Temple.
  6425 | Temple   | Entered the Ecumenical Temple
  6593 | Temple   | Became a worshipper of Kikubaaqudgha
  6900 | D:5      | Reached XP level 8. HP: 56/62 MP: 11/11
  7590 | D:6      | Reached * piety under Kikubaaqudgha
  7590 | D:6      | Identified Kikubaaqudgha's Incunabulum of Necromancy
                  | (Kikubaaqudgha gifted it to you on level 6 of the Dungeon)
  7590 | D:6      | Received a gift from Kikubaaqudgha
  7882 | D:6      | Reached skill level 6 in Fighting
  8573 | D:7      | Reached XP level 9. HP: 69/69 MP: 12/12
  8706 | D:7      | Reached skill level 10 in Polearms
  9309 | D:8      | Identified a scroll of acquirement
  9312 | D:8      | Got a twisted cloak
  9318 | D:8      | Identified the +0 cloak "Opeuffu" {rPois rN+++ Str-5} (You
                  | acquired it on level 8 of the Dungeon)
  9466 | D:8      | Reached skill level 1 in Necromancy
  9537 | D:8      | Reached ** piety under Kikubaaqudgha
  9612 | D:8      | Found a snail-covered altar of Cheibriados.
 10061 | D:9      | Noticed Psyche
 10075 | D:8      | Reached XP level 10. HP: 72/77 MP: 13/15
 10077 | D:8      | Reached skill level 7 in Fighting
 10480 | D:9      | Killed Psyche
 10515 | D:9      | Reached *** piety under Kikubaaqudgha
 10515 | D:9      | Identified Kikubaaqudgha's Incunabulum of Necromancy
                  | (Kikubaaqudgha gifted it to you on level 9 of the Dungeon)
 10515 | D:9      | Received a gift from Kikubaaqudgha
 10529 | D:9      | Learned a level 4 spell: Animate Dead
 10603 | D:9      | Found a basalt altar of Yredelemnul.
 10703 | D:9      | Found a runed translucent gate.
 10703 | D:9      | Found a runed translucent gate.
 10782 | D:9      | Found a runed translucent gate.
 10787 | D:9      | Noticed a kobold demonologist
 10787 | D:9      | Noticed drd's ghost (novice DsBe)
 10789 | D:9      | Noticed a kobold demonologist
 10789 | D:9      | Identified the +8 whip of Dawkiluo {chaos, Str+7}
 10826 | D:9      | Reached skill level 8 in Fighting
 10850 | D:9      | Reached skill level 5 in Spellcasting
 11290 | D:10     | Entered Level 10 of the Dungeon
 11580 | D:10     | Got a pair of transparent boots
 11586 | D:10     | Identified the +3 pair of boots of Weightlessness {rPois
                  | rC+ MR- Int+3} (You found it on level 10 of the Dungeon)
 11643 | D:10     | Found a portal to a secret trove of treasure.
 11975 | D:10     | Reached skill level 9 in Fighting
 12006 | D:10     | Noticed an unseen horror
 12027 | D:10     | Killed an unseen horror
 12027 | D:10     | Reached skill level 5 in Necromancy
 12027 | D:10     | Reached XP level 11. HP: 50/89 MP: 18/18
 12116 | D:10     | Found a staircase to the Orcish Mines.
 12447 | D:11     | Noticed a two-headed ogre
 12468 | D:10     | Killed a two-headed ogre
 12587 | D:11     | Noticed a cyclops
 12596 | D:10     | Reached skill level 10 in Fighting
 12668 | D:11     | Noticed a six-headed hydra
 12721 | D:10     | Killed a six-headed hydra
 13184 | D:10     | Killed a cyclops
 13214 | D:11     | Reached skill level 11 in Fighting
 13219 | D:11     | Noticed a cyclops
 13244 | D:11     | Killed a cyclops
 13372 | D:11     | Noticed an oklob plant
 13381 | D:11     | Learned a level 5 spell: Agony
 13387 | D:11     | Learned a level 5 spell: Borgnjor's Vile Clutch
 13590 | D:11     | Noticed a manticore
 13595 | D:11     | HP: 4/94 [vampire (6)]
 13685 | D:11     | Killed a manticore
 13685 | D:11     | Reached skill level 1 in Shields
 13685 | D:11     | Reached skill level 1 in Earth Magic
 13890 | D:11     | Found a staircase to the Lair.
 14029 | D:11     | Killed an oklob plant
 14029 | D:11     | Reached **** piety under Kikubaaqudgha
 14065 | Lair:1   | Entered Level 1 of the Lair of Beasts
 14519 | Lair:1   | Reached XP level 12. HP: 90/102 MP: 19/19
 14538 | Lair:1   | You fall through a shaft!
 14578 | Lair:1   | Reached skill level 12 in Fighting
 14900 | Lair:2   | Found a staircase to the Shoals.
 15092 | Lair:2   | Found a shimmering altar of Xom.
 15351 | Lair:2   | Found a staircase to the Snake Pit.
 16134 | Lair:3   | Noticed a spriggan rider
 16451 | Lair:3   | Noticed Sonja
 16464 | Lair:3   | Killed Sonja
 16766 | Lair:3   | Reached ***** piety under Kikubaaqudgha
 16881 | Lair:4   | Noticed Nergalle
 16917 | Lair:4   | Killed Nergalle
 17060 | Lair:4   | Reached skill level 13 in Fighting
 17094 | Lair:4   | Noticed a catoblepas
 17113 | Lair:4   | Killed a catoblepas
 17186 | Lair:4   | Noticed a death yak
 17187 | Lair:4   | Noticed a death yak
 17187 | Lair:4   | Noticed a death yak
 17187 | Lair:4   | Noticed a death yak
 17217 | Lair:3   | Killed a death yak
 17217 | Lair:3   | Reached skill level 5 in Earth Magic
 17222 | Lair:4   | Noticed a death yak
 17235 | Lair:3   | Killed a death yak
 17235 | Lair:3   | Reached XP level 13. HP: 98/111 MP: 10/20
 17996 | Lair:3   | Slain by a catoblepas

Skill      XL: |  1  2  3  4  5  6  7  8  9 10 11 12 13 |
---------------+----------------------------------------+-----
Dodging        | 3 4 5 6 8 |  8.0
Armour         | 1 2 3 4 |  4.0
Polearms       | 4 5 6 8 12 | 12.1
Fighting       | 3 4 5 6 9 11 13 | 13.7
Necromancy     | 2 5 6 8 |  8.8
Spellcasting   | 3 5 |  5.0
Shields        | 2 4 |  4.0
Earth Magic    | 2 5 6 |  6.0
Charms         | |  3.2

Action                   |  1- 3 |  4- 6 |  7- 9 | 10-12 | 13-15 || total
-------------------------+-------+-------+-------+-------+-------++-------
Melee: Spear             |   148 |   508 |   464 |  1292 |   195 ||  2607
       Tailslap          |       |       |       |     4 |       ||     4
 Cast: Infusion          |     1 |    11 |     2 |     2 |       ||    16
       Regeneration      |     1 |     8 |     4 |    39 |     6 ||    58
       Animate Skeleton  |       |     4 |    35 |    32 |     3 ||    74
       Animate Dead      |       |       |       |    22 |     6 ||    28
       Borgnjor's Vile C |       |       |       |     6 |     8 ||    14
Invok: Receive Corpses   |       |       |       |     5 |       ||     5
       Torment           |       |       |       |     1 |       ||     1
Evoke: Wand              |       |       |       |     7 |       ||     7
  Use: Scroll            |     4 |     8 |     7 |     8 |       ||    27
       Potion            |       |       |       |     2 |       ||     2
 Stab: Sleeping          |     2 |    11 |     1 |     1 |       ||    15
       Distracted        |       |     1 |     2 |     6 |     2 ||    11
       Paralysed         |       |       |       |     6 |       ||     6
  Eat: Chunk             |     1 |    16 |    17 |    17 |     4 ||    55
       Ration            |       |       |       |     5 |     1 ||     6
Armor: Leather armour    |    24 |    92 |    76 |    22 |       ||   214
       Robe              |       |       |       |   254 |    24 ||   278
Dodge: Dodged            |    91 |   259 |   160 |   728 |    53 ||  1291
Block: Buckler           |       |       |       |    43 |    30 ||    73
